 Dungeon Crawl Stone Soup version 0.30-a0-912-ge10d75a369 (webtiles) character file.

Game seed: 5239764126076657921

4225 Grim the Severer (level 10, -6/65 HPs)
             Began as a Minotaur Berserker on Mar 19, 2023.
             Was a Priest of Trog.
             Killed from afar by a wretched star (16 damage)
             ... with a lance of force
             ... on level 2 of the Abyss.
             The game lasted 00:11:15 (7092 turns).

Grim the Severer (Minotaur Berserker)               Turns: 7092, Time: 00:11:16

Health: -6/65      AC:  8    Str: 24    XL:     10   Next: 9%
Magic:  9/9        EV: 23    Int:  0    God:    Trog [***...]
Gold:   476        SH:  0    Dex:  8    Spells: 9/9 levels left

rFire   . . .      SeeInvis .    a - +0 battleaxe
rCold   . . .      Faith    .    (shield currently unavailable)
rNeg    . . .      Spirit   .    z - +3 chain mail
rPois   +          Reflect  .    (helmet restricted)
rElec   .          Rampage  .    j - +0 cloak
rCorr   .                        (no gloves)
Will    .....                    (no boots) Stlth
                                 A - amulet of the acrobat
HPRegen 0.30/turn                e - ring of poison resistance
MPRegen 0.11/turn                (no ring)

@: on berserk cooldown, acrobatic, slowed, lost intelligence, unable to read,
very slow
A: horns 2, retaliatory headbutt, [clumsy 2], [deformed body], [dopey 2], [frail
3], ([teleportitis 2]), [inability to read after injury 2]
a: Renounce Religion, Berserk, Trog's Hand


You were on level 2 of the Abyss.
You worshipped Trog.
Trog was most pleased with you.
You visited 1 branch of the dungeon, and saw 8 of its levels.
You visited the Abyss 1 time.

You collected 476 gold pieces.

Inventory:

Hand Weapons
 a - a +0 battleaxe (weapon)
 b - a +2 sling of freezing
 o - a +3 hand axe
Missiles
 g - 18 poisoned darts (quivered)
 u - 5 curare-tipped darts
Armour
 h - a +0 ring mail
 j - a +0 cloak (worn)
 z - a +3 chain mail (worn)
Jewellery
 e - a ring of poison resistance (left hand)
 A - an amulet of the acrobat (around neck)
Wands
 x - a wand of flame (18)
 y - a wand of roots (3)
Scrolls
 c - 2 scrolls of silence {unknown}
 f - a scroll of vulnerability {unknown}
 l - 12 scrolls of identify {unknown}
 m - 4 scrolls of teleportation {unknown}
 q - a scroll of fog {unknown}
 r - 2 scrolls of butterflies {unknown}
 s - 2 scrolls of amnesia {unknown}
 v - a scroll of blinking {unknown}
 C - a scroll of torment {unknown}
 D - a scroll of immolation {unknown}
 E - a scroll of poison {unknown}
Potions
 d - 3 potions of might {unknown}
 i - 2 potions of mutation {unknown}
 k - 3 potions of curing {unknown}
 n - 2 potions of ambrosia {unknown}
 p - a potion of cancellation {unknown}
 t - 2 potions of flight {unknown}
 w - 4 potions of lignification {unknown}
 B - 2 potions of degeneration {unknown}


   Skills:
 + Level 9.8 Fighting
 * Level 15.1 Axes
 - Level 2.4 Armour
 - Level 2.1 Dodging


You had 9 spell levels left.
You didn't know any spells.
Your spell library was empty.

Dungeon Overview and Level Annotations

Branches:
Dungeon (8/15)             Temple (0/1) D:6            Lair (0/5) D:8

Altars:
Dithmenos
Elyvilon
Kikubaaqudgha
Ru
Sif Muna
The Shining One

Shops:
D:6 (!

Annotations:
D:8 Psyche


Innate Abilities, Weirdness & Mutations

You have a pair of horns on your head.
You reflexively headbutt those who attack you in melee.
[You are very clumsy. (Dex -4)]
[Armour fits poorly on your strangely shaped body.]
[You are very dopey. (Int -4)]
[You are extremely frail. (-30% HP)]
[((You are often teleported next to monsters.))]
[You sometimes lose the ability to read scrolls when taking damage.]


Message History

The wretched star pulses with an eldritch light!
You feel clumsy. x2; You feel frail. x2
The thrashing horror tramples you!
You feel threatened and lose the ability to read scrolls!
* * * LOW HITPOINT WARNING * * *
You hold your ground!
The thrashing horror barely misses you.
The thrashing horror completely misses you.
You furiously retaliate!
You headbutt the thrashing horror! The thrashing horror tramples you!
* * * LOW HITPOINT WARNING * * *
You hold your ground!
The wretched star pulses with an eldritch light!
You feel frail.
You feel weirdly uncertain.
You feel even more weirdly uncertain.
The thrashing horror closely misses you.
The thrashing horror completely misses you.
The thrashing horror attacks as you move away!
The thrashing horror tramples you!
* * * LOW HITPOINT WARNING * * *
The thrashing horror misses you. The thrashing horror tramples you!
* * * LOW HITPOINT WARNING * * *
You hold your ground!
The thrashing horror completely misses you.
The thrashing horror misses you.
The thrashing horror completely misses you.
The thrashing horror attacks as you move away!
The thrashing horror barely misses you. You furiously retaliate!
You headbutt the thrashing horror.
The thrashing horror closely misses you.
The thrashing horror barely misses you.
The thrashing horror closely misses you.
The thrashing horror attacks as you move away!
The thrashing horror closely misses you.
The thrashing horror misses you.
The thrashing horror closely misses you.
The thrashing horror tramples you but does no damage. x2
The thrashing horror barely misses you.
The wretched star glows turbulently.
The lance of force hits you!
You die...

#..#.###......>.>....
#........... ........
...# ..... .......
####.#.#.##.......
... ..#..#..##......
... #..#.##
............ #..#*##.
.........#.
#X.##......... #.#.
#.@# ...........
##............ .. .
#..#........ .....
#... ##.. .. .. #
##### .... ..#..#
.... .. # ..


You could see a wretched star and a thrashing horror.

Vanquished Creatures
  A two-headed ogre (D:8)
  An elephant (D:8)
  A troll (D:6)
  A yak (D:8)
  2 wyverns (D:8)
  A basilisk (D:8)
  2 steam dragons
  An orc warrior (D:6)
  A black bear (D:8)
  2 ice beasts (D:6)
  3 ogres (D:4)
  2 centaurs
  A kobold brigand (D:5)
  5 bullfrogs
  2 scorpions
  A howler monkey (D:7)
  3 jellies
  Crazy Yiuf (D:3)
  5 hounds
  3 orc priests
  3 iguanas (D:4)
  3 sleepcaps
  Ijyb (D:5)
  6 orc wizards
  3 adders
  A shadow imp (D:5)
  A white imp (D:7)
  An ufetubus (D:5)
  A worm (D:4)
  6 dart slugs
  29 orcs
  4 bats
  5 endoplasms
  A giant cockroach (D:1)
  3 goblins
  5 hobgoblins
  9 jackals
  5 quokkas
  4 ball pythons
  3 frilled lizards
  10 kobolds
  7 rats
150 creatures vanquished.

Vanquished Creatures (others)
  5 toadstools (D:1)
5 creatures vanquished.

Grand Total: 155 creatures vanquished

Notes
Turn   | Place    | Note
-------+----------+-------------------------------------------
     0 | D:1      | Grim the Minotaur Berserker began the quest for the Orb.
     0 | D:1      | Reached XP level 1. HP: 19/19 MP: 0/0
    37 | D:1      | Reached skill level 4 in Axes
   202 | D:1      | Reached XP level 2. HP: 26/26 MP: 1/1
   514 | D:2      | Reached skill level 5 in Axes
   524 | D:2      | Reached ** piety under Trog
   527 | D:2      | Reached XP level 3. HP: 30/31 MP: 2/2
  1027 | D:3      | Noticed a scorpion
  1032 | D:3      | Killed a scorpion
  1033 | D:3      | Reached skill level 6 in Axes
  1033 | D:3      | Reached XP level 4. HP: 39/39 MP: 3/3
  1115 | D:3      | Reached skill level 7 in Axes
  1115 | D:3      | Reached XP level 5. HP: 45/45 MP: 4/4
  1818 | D:3      | Found a runed translucent door.
  1819 | D:3      | Noticed Crazy Yiuf
  2014 | D:3      | Killed Crazy Yiuf
  2138 | D:4      | Reached skill level 8 in Axes
  2168 | D:4      | Noticed an ogre
  2173 | D:4      | Killed an ogre
  2174 | D:4      | Reached XP level 6. HP: 51/51 MP: 5/5
  2351 | D:4      | Reached skill level 9 in Axes
  2691 | D:4      | Reached *** piety under Trog
  2692 | D:4      | Reached XP level 7. HP: 49/60 MP: 6/6
  3020 | D:5      | Entered Level 5 of the Dungeon
  3207 | D:5      | Reached skill level 5 in Fighting
  3465 | D:5      | Reached skill level 10 in Axes
  3768 | D:5      | Noticed Ijyb
  3774 | D:5      | Killed Ijyb
  3824 | D:5      | Found a sacrificial altar of Ru.
  3826 | D:5      | Found a glowing golden altar of the Shining One.
  3826 | D:5      | Found an ancient bone altar of Kikubaaqudgha.
  3826 | D:5      | Found a shimmering blue altar of Sif Muna.
  3829 | D:5      | Found a white marble altar of Elyvilon.
  3829 | D:5      | Found a shadowy altar of Dithmenos.
  4116 | D:5      | Reached XP level 8. HP: 61/70 MP: 7/7
  4267 | D:6      | Found Reclaron's Weapon Boutique.
  4277 | D:6      | Reached skill level 11 in Axes
  4784 | D:6      | Found Quol Qida's Distillery.
  4895 | D:6      | You fall into a shaft and drop 2 floors!
  5062 | D:7      | Reached skill level 12 in Axes
  5512 | D:6      | Noticed a troll
  5518 | D:6      | Killed a troll
  5519 | D:6      | Reached XP level 9. HP: 81/81 MP: 8/8
  5617 | D:6      | Found a staircase to the Ecumenical Temple.
  5630 | D:6      | Reached skill level 13 in Axes
  6321 | D:8      | Noticed an elephant
  6331 | D:8      | Found a staircase to the Lair.
  6346 | D:8      | Killed an elephant
  6347 | D:8      | Reached skill level 14 in Axes
  6359 | D:8      | Noticed a two-headed ogre
  6553 | D:8      | Killed a two-headed ogre
  6554 | D:8      | Reached XP level 10. HP: 75/92 MP: 9/9
  6760 | D:8      | Reached skill level 15 in Axes
  7034 | D:8      | Noticed Psyche
  7054 | Abyss:2  | Cast into level 2 of the Abyss (Psyche)
  7069 | Abyss:2  | Noticed a wretched star
  7082 | Abyss:2  | Lost intelligence.
  7086 | Abyss:2  | Noticed a thrashing horror
  7092 | Abyss:2  | Killed from afar by a wretched star

Illustrated notes

Levels and vault maps discovered:
D:1:      ldierk_walled_garden, layout_rooms
D:2:      layout_rooms, corexii_shack
D:3:      layout_basic, serial_curves, eino_curves_01, eino_curves_03,
          eino_curves_01, st_stairs_14, item_on_display_a,
          uniq_crazy_yiuf_cottage
D:4:      layout_rooms
D:5:      layout_loops_ring, grunt_temple_overflow_open, uniq_ijyb
D:6:      layout_gridville, minmay_temple_entry_grid, serial_shops,
          nicolae_shop_bloodbath_and_beyond, kennysheep_little_box
D:7:      layout_loops_ring
D:8:      layout_basic, david_lair_generic, kennysheep_dice, uniq_psyche
Abyss:2:  base:
Temple

Skill      XL: |  1  2  3  4  5  6  7  8  9 10 |
---------------+-------------------------------+-----
Axes           | 4 5 6 7 8 9 10 12 14 15 | 15.1
Fighting       | 4 5 7 9 |  9.8
Armour         | |  2.4
Dodging        | |  2.1

Action                     |  1- 3 |  4- 6 |  7- 9 | 10-12 || total
---------------------------+-------+-------+-------+-------++-------
  Melee: Hand axe          |    75 |   112 |   158 |       ||   345
         Headbutt          |    11 |    13 |    36 |     3 ||    63
         Punch             |     1 |     1 |     3 |       ||     5
         Battleaxe         |       |       |    29 |    17 ||    46
   Fire: Sling             |       |       |    13 |     8 ||    21
 Invoke: Berserk           |     1 |     3 |     7 |     1 ||    12
         Trog's Hand       |       |     1 |     3 |     1 ||     5
 Armour: Animal skin       |     2 |       |       |       ||     2
         Ring mail         |    26 |    31 |    18 |       ||    75
         Chain mail        |       |       |    36 |    14 ||    50
  Dodge: Dodged            |    43 |    52 |    75 |    23 ||   193

Table legend: (Time is in decaauts)
 A = Elapsed time spent in this place.
 B = Non-inter-level travel time spent in this place.
 C = Inter-level travel time spent in this place.
 D = Time resting spent in this place.
 E = Time spent auto-exploring this place.
 F = Levels seen in this place.
 G = Mean time per level.
                   A        B        C        D        E       F      G
               +--------+--------+--------+--------+--------+-----+--------+
         Total |   7169 |   6960 |    209 |   1589 |   4402 |   9 |  796.6 |
       Dungeon |   7116 |   6907 |    209 |   1570 |   4402 |   8 |  889.5 |
         Abyss |     52 |     52 |      0 |     19 |      0 |   1 |   52.0 |
               +--------+--------+--------+--------+--------+-----+--------+

Top non-repeatable levels by time:
     D:5: 1215 daAuts
     D:3: 1104 daAuts
     D:6: 1046 daAuts
     D:8: 997 daAuts
     D:4: 915 daAuts
     D:7: 808 daAuts
     D:2: 550 daAuts
     D:1: 479 daAuts
 Abyss:2: 52 daAuts
